 Dungeon Crawl Stone Soup version 0.31.0-2-g5a2aebc5c2 (webtiles) character file.

Game seed: 18040420468368697693

447 Cheops the Poker (level 7, -2/44 (52) HPs)
             Began as a Formicid Fighter on Jan 20, 2024.
             Slain by an ice beast (9 damage)
             ... summoned by Fannar
             ... on level 10 of the Dungeon.
             The game lasted 00:13:17 (3718 turns).

Cheops the Poker (Formicid Fighter)                 Turns: 3718, Time: 00:13:17

HP:   -2/44 (52)    AC:  6    Str: 22    XL:     7   Next: 24%
MP:   7/7           EV:  9    Int:  8    God:
Gold: 290           SH:  5    Dex: 13    Spells: 6/6 levels left

rFire   . . .        d - +3 halberd
rCold   . . .        c - +0 buckler
rNeg    . . .        b - +0 scale mail
rPois   .            (helmet unavailable)
rElec   .            (no cloak)
rCorr   .            (no gloves)
SInv    +            (no boots)
Will    .....        s - amulet of the acrobat Stlth
                     (no ring)
HPRegen 0.27/turn    (no ring)
MPRegen 0.10/turn

%: acrobat
@: heavily drained
A: permanent stasis, dig shafts and tunnels, antennae 3, four strong arms
a: Dig, Shaft Self


You were on level 10 of the Dungeon.
You visited 1 branch of the dungeon, and saw 7 of its levels.

You collected 290 gold pieces.

Inventory:

Hand Weapons
 a - a +0 trident
 d - a +3 halberd (weapon)
Armour
 b - a +0 scale mail (worn)
 c - a +0 buckler (worn)
Magical Staves
 l - the staff of the Apocalypse {rElec rPois Will+ Int+3 Ice Air}
   (You found it on level 2 of the Dungeon)

   [staff of air]

   Base accuracy: +5 Base damage: 5 Base attack delay: 1.2 This weapon's minimum
   attack delay (0.6) is reached at skill level 12.
   Int+3:     It affects your intelligence (+3).
   rElec:     It insulates you from electricity.
   rPois:     It protects you from poison Will+: It increases your willpower.
   Ice:       It increases the power of your Ice spells.
   Air:       It increases the power of your Air spells.
   It falls into the 'Staves' category.
   It is a weapon for one hand-pair.
Jewellery
 s - an amulet of the acrobat (around neck)
Scrolls
 f - 2 scrolls of acquirement {unknown}
 g - a scroll of poison {unknown}
 i - 3 scrolls of blinking {unknown}
 m - a scroll of amnesia {unknown}
 n - a scroll of noise {unknown}
 p - a scroll of brand weapon {unknown}
 q - a scroll of vulnerability {unknown}
 r - a scroll of teleportation {unknown}
 u - a scroll of enchant armour {unknown}
Potions
 h - 2 potions of curing
 o - 2 potions of enlightenment


   Skills:
 - Level 3.2 Fighting
 + Level 7.3 Polearms
 - Level 3.2 Armour
 - Level 4.0 Shields


You had 6 spell levels left.
You didn't know any spells.
Your spell library contained the following spells:

 Spells                   Type           Power      Damage    Failure   Level
 Arcjolt                  Conj/Air       0%         1d10      100%        5
 Plasma Beam              Fire/Air       0%         2x1d10    100%        6
 Vhi's Electric Charge    Tloc/Air       Unusable   N/A       N/A         4

Dungeon Overview and Level Annotations

Branches:
Dungeon (8/15)
 Temple: D:4-7         Lair: D:8-11

Altars:
Makhleb

Shops:
D:1 !   D:2 :

Annotations:
D:10 Fannar


Innate Abilities, Weirdness & Mutations

You cannot be hasted, slowed, berserked, paralysed or teleported.
You can dig through walls and to a lower floor.
You have a pair of large antennae on your head. (SInv)
Your four strong arms can wield two-handed weapons with a shield.


Message History

Unknown command.
You puncture the ice beast!
The ice beast is severely wounded.
You block the ice beast's attack.
The ice beast hits you but does no damage.
You slash the ice beast!
You kill the ice beast!
The ice beast disappears in a puff of smoke!
The ice beast barely misses you.
Unknown command.
You hit Fannar.
Fannar is severely wounded.
The ice beast hits you but does no damage.
Fannar closely misses you. The ice beast barely misses you.
You block Fannar's attack.
You barely miss Fannar.
Fannar is severely wounded.
The ice beast hits you but does no damage.
Fannar hits you but does no damage.
You closely miss Fannar.
Fannar is severely wounded.
The ice beast hits you but does no damage.
Fannar points at you and mumbles some strange words.
The bolt of cold hits you!
* * * LOW HITPOINT WARNING * * *
Unknown command.
Unknown command.
Unknown command.
You hit Fannar.
Fannar is severely wounded.
The ice beast hits you but does no damage.
Fannar casts a spell.
Fannar blinks!
Fannar casts a spell.
You closely miss the ice beast.
The ice beast hits you but does no damage.
The ice beast hits you.
* * * LOW HITPOINT WARNING * * *
The ice beast freezes you!
You die...

#.....# #.....#.....#
#.....#.?...##
#....e'......#
#.....#......#
#.....#......+
#.....#......#
#.....#Y##### +# .
#..@...##.####...##.
#...Ye.#............
#......#.(..........
#......#............
#......'............
######......#'#####...##.
#......#####......#...##.
#......# #......#......
#......# #......'......


You could see Fannar and 2 ice beasts.

Vanquished Creatures
  A phantom (D:4)
  A wight (D:10)
  A bombardier beetle (D:4)
  2 hounds (D:4)
  Jessica (D:3)
  2 orc wizards (D:4)
  4 gnolls (D:4)
  2 adders
  A shadow imp (D:8)
  4 ribbon worms
  2 dart slugs (D:1)
  6 orcs
  6 ball pythons
  4 bats
  10 endoplasms
  4 giant cockroaches
  5 goblins
  5 hobgoblins
  9 kobolds
  A quokka (D:1)
  3 rats
74 creatures vanquished.

Notes
Turn   | Place    | Note
-------+----------+-------------------------------------------
     0 | D:1      | Cheops the Formicid Fighter began the quest for the Orb.
     0 | D:1      | Reached XP level 1. HP: 18/18 MP: 1/1
   154 | D:1      | Reached XP level 2. HP: 24/24 MP: 2/2
   206 | D:1      | Found Jaf Rat's Distillery.
   233 | D:1      | Reached skill level 3 in Polearms
   417 | D:1      | Reached XP level 3. HP: 29/29 MP: 3/3
   769 | D:2      | Reached skill level 4 in Polearms
   769 | D:2      | Reached XP level 4. HP: 25/35 MP: 4/4
   934 | D:2      | Found Hodd's Book Shop.
   972 | D:2      | Identified the staff of the Apocalypse {rElec rPois Will+
                  | Int+3 Ice Air}
  1274 | D:3      | Noticed Jessica
  1287 | D:3      | Killed Jessica
  1674 | D:3      | Reached XP level 5. HP: 41/41 MP: 5/5
  1896 | D:3      | Found a burning altar of Makhleb.
  1898 | D:3      | Noticed an Executioner
  1903 | D:3      | Noticed an orange demon
  1903 | D:3      | Noticed an orange demon
  1973 | D:4      | Reached skill level 5 in Polearms
  2265 | D:4      | Noticed a phantom
  2291 | D:4      | Killed a phantom
  2292 | D:4      | Reached skill level 6 in Polearms
  2292 | D:4      | Reached XP level 6. HP: 31/47 MP: 6/6
  2903 | D:4      | Reached skill level 7 in Polearms
  2903 | D:4      | Reached XP level 7. HP: 20/52 MP: 7/7
  3191 | D:5      | Entered Level 5 of the Dungeon
  3241 | D:5      | You fall into a shaft and drop 3 floors!
  3457 | D:8      | HP: 1/44 [wight/+2 scimitar of protection (5)]
  3467 | D:8      | You fall into a shaft and drop 2 floors!
  3467 | D:10     | Entered Level 10 of the Dungeon
  3681 | D:10     | Noticed Fannar
  3709 | D:10     | HP: 1/44 [ice beast[Fannar] (13)]
  3718 | D:10     | Slain by an ice beast

Illustrated notes

Levels and vault maps discovered:
D:1:      lordsloth_arrival_two_stooges, layout_basic, serial_shops,
          nicolae_shop_industrial_runoff, hex_medium
D:2:      layout_rooms, serial_shops, shop, minmay_heptomino_l4
D:3:      layout_loops_ring, makhleb_altar_promises_db, uniq_jessica
D:4:      layout_loops_cross
D:5:      layout_cave_pools, serial_gnoll_camp, grums_kennel,
          gnoll_camp_mini_doghouse, gnoll_camp_mini_doghouse,
          gnoll_camp_mini_loothouse, gnoll_camp_mini_hut, gnoll_camp_medium_02,
          grunt_decor_arrowhead
D:8:      layout_basic, grunt_temple_overflow_octagram, uniq_psyche
D:10:     cheibrodos_wizards_tower, layout_gridville, hiddenorc2_lemuel,
          uniq_fannar

Skill      XL: |  1  2  3  4  5  6 |
---------------+-------------------+-----
Polearms       | 3 4 6 7 |  7.3
Fighting       | |  3.2
Armour         | |  3.2
Shields        | |  4.0

Action                     |  1- 3 |  4- 6 |  7- 9 || total
---------------------------+-------+-------+-------++-------
  Melee: Trident           |    78 |   191 |    28 ||   297
         Halberd           |       |       |    28 ||    28
Ability: Shaft Self        |       |       |     2 ||     2
    Use: Potion            |       |       |     7 ||     7
         Scroll            |       |       |     4 ||     4
 Armour: Scale mail        |    44 |   109 |    36 ||   189
         Skin              |       |       |    26 ||    26
  Dodge: Dodged            |    22 |    64 |    28 ||   114
  Block: Buckler           |     7 |    21 |    16 ||    44
